 Dungeon Crawl Stone Soup version 0.23.2-33-g5129a83184 (webtiles) character file.

Game seed: 11957952811281328589

219 Acheron the Skirmisher (level 5, -1/33 HPs)
             Began as a Gargoyle Abyssal Knight on July 29, 2019.
             Was a Believer of Lugonu.
             Killed by divine providence
             ... invoked by an orc priest
              (15 damage)
             ... on level 3 of the Dungeon.
             The game lasted 00:06:27 (2710 turns).

Acheron the Skirmisher (Gargoyle Abyssal Knight)    Turns: 2710, Time: 00:06:27

Health: -1/33      AC:  7    Str: 15    XL:     5   Next: 96%
Magic:  7/7        EV: 11    Int: 13    God:    Lugonu [**....]
Gold:   66         SH:  0    Dex: 10    Spells: 6/6 levels left

rFire    . . .     SeeInvis .   a - +1 hand axe
rCold    . . .     Gourm    .   (no shield)
rNeg     + . .     Faith    .   b - +0 leather armour
rPois    ∞         Spirit   .   (no helmet)
rElec    +         Reflect  .   (no cloak)
rCorr    .         Harm     .   (no gloves)
MR       .....                  (no boots)
Stlth    ++........             (no amulet)
HPRegen  0.11/turn              (no ring)
MPRegen  0.10/turn              (no ring)

@: no status effects
A: negative energy resistance 1, electricity resistance, unbreathing,
petrification resistance, rot immunity, AC +4
a: Depart the Abyss, Bend Space, Renounce Religion


You were on level 3 of the Dungeon.
You worshipped Lugonu.
Lugonu was pleased with you.
You were not hungry.

You visited 1 branch of the dungeon, and saw 4 of its levels.
You visited the Abyss 1 time.

You collected 66 gold pieces.

Inventory:

Hand Weapons
 a - a +1 hand axe (weapon)
 i - a +0 short sword of holy wrath
 k - a +0 hunting sling
 l - a +2 flail of draining
Armour
 b - a +0 leather armour (worn)
Jewellery
 d - an uncursed amulet of faith {unknown}
 m - an uncursed ring of see invisible {unknown}
Scrolls
 g - a scroll of enchant armour {unknown}
 j - a scroll of identify {unknown}
 n - a scroll of teleportation {unknown}
 o - a scroll of remove curse {unknown}
Potions
 e - a potion of curing {unknown}
 f - a potion of mutation {unknown}
 h - a potion of agility {unknown}
Comestibles
 c - 3 rations


   Skills:
 + Level 4.0 Fighting
 + Level 2.9 Axes
 * Level 3.0 Armour
 * Level 1.7 Dodging
 * Level 2.0 Stealth
 * Level 1.4 Spellcasting
 * Level 3.0 Invocations


You had 6 spell levels left.
You didn't know any spells.
Your spell library was empty.

Dungeon Overview and Level Annotations

Branches:
Dungeon (4/15)
 Temple: D:4-7

Altars:
Sif Muna


Innate Abilities, Weirdness & Mutations

You are resistant to torment.
Your stone body is resilient. (AC +4)
You are immune to poison.
You resist negative energy. (rN+)
You are resistant to electric shocks. (rElec)
You can survive without breathing.
You are immune to petrification.
You are immune to rotting.


Message History

You slash the orc priest!
The orc priest is severely wounded.
The orc priest barely misses you.
Unknown command.
You closely miss the orc priest.
The orc priest is severely wounded.
The orc priest barely misses you.
You barely miss the orc priest.
The orc priest is severely wounded.
The orc priest completely misses you.
The orc priest hits you but does no damage.
Unknown command.
You hit the orc priest but do no damage.
The orc priest is severely wounded.
The orc priest barely misses you.
You barely miss the orc priest.
The orc priest is severely wounded.
The orc priest mumbles some strange prayers to Beogh against you.
Beogh smites you!
You die...

######## #...))@#
#.####o########
#...g.......#
#...........#########
#.....>.....'........
##...........#........
..............#........
..............#........
...............'........


You could see an orc priest and a gnoll.

Vanquished Creatures
  A howler monkey (D:4)
  An orc priest (D:3)
  An orc wizard (D:3)
  2 gnolls (D:3)
  4 adders
  4 worms
  3 leopard geckos
  7 orcs (D:3)
  A goblin (D:2)
  6 hobgoblins
  6 jackals
  4 kobolds
  A quokka (D:3)
  3 bats
  5 frilled lizards
  A jackal skeleton (D:4)
  2 rats (D:1)
52 creatures vanquished.

Notes
Turn   | Place    | Note
-------+----------+-------------------------------------------
     0 | Abyss:1  | Acheron the Gargoyle Abyssal Knight began the quest for the
                  | Orb.
     0 | Abyss:1  | Reached XP level 1. HP: 14/14 MP: 2/2
    10 | D:1      | Escaped the Abyss
   430 | D:1      | Reached XP level 2. HP: 10/19 MP: 3/3
   798 | D:2      | Reached skill level 1 in Dodging
   798 | D:2      | Reached skill level 1 in Stealth
   798 | D:2      | Reached XP level 3. HP: 23/23 MP: 4/4
  1146 | D:3      | Reached ** piety under Lugonu
  1160 | D:3      | Reached XP level 4. HP: 18/29 MP: 5/5
  1505 | D:4      | Reached skill level 1 in Spellcasting
  1907 | D:3      | Reached XP level 5. HP: 23/33 MP: 7/7
  2330 | D:3      | Found a deep blue altar of Sif Muna.
  2694 | D:3      | Reached skill level 4 in Fighting
  2710 | D:3      | Killed from afar by an orc priest

Skill      XL: |  1  2  3  4  5 |
---------------+----------------+-----
Dodging        | 1 |  1.7
Stealth        | 1 2 |  2.0
Axes           | 2 |  2.9
Spellcasting   | 1 |  1.4
Armour         | 3 |  3.0
Fighting       | 4 |  4.0
Invocations    | 3 |  3.0

Action                   |  1- 3 |  4- 6 || total
-------------------------+-------+-------++-------
Melee: Hand axe          |   102 |   129 ||   231
 Stab: Sleeping          |       |     1 ||     1
  Eat: Chunk             |     1 |     5 ||     6
Armor: Leather armour    |    56 |    74 ||   130
Dodge: Dodged            |    86 |    92 ||   178
